 Dungeon Crawl Stone Soup version 0.30-a0-341-g682706514a (webtiles) character file.

Game seed: 15846604542376636680

11 ytrimaz the Cudgeller (level 2, 23/23 HPs)
             Began as a Formicid Gladiator on Nov 3, 2022.
             Quit the game on level 1 of the Dungeon.
             The game lasted 00:00:25 (247 turns).

ytrimaz the Cudgeller (Formicid Gladiator)           Turns: 247, Time: 00:00:25

Health: 23/23      AC:  3    Str: 18    XL:     2   Next: 40%
Magic:  2/2        EV: 12    Int:  7    God:
Gold:   27         SH:  0    Dex: 15    Spells: 1/1 levels left

rFire   . . .      SeeInvis +    a - +0 flail
rCold   . . .      Faith    .    (no shield)
rNeg    . . .      Spirit   .    b - +0 leather armour
rPois   .          Reflect  .    (helmet unavailable)
rElec   .          Harm     .    (no cloak)
rCorr   .          Rampage  .    (no gloves)
Will    .....                    (no boots)
Stlth   +.........               (no amulet)
HPRegen 0.23/turn                (no ring)
MPRegen 0.08/turn                (no ring)

@: no status effects
A: permanent stasis, dig shafts and tunnels, antennae 3, four strong arms
a: Dig, Shaft Self


You were on level 1 of the Dungeon.
You visited 1 branch of the dungeon, and saw 1 of its levels.

You collected 27 gold pieces.


Innate Abilities, Weirdness & Mutations

You cannot be hasted, slowed, berserked, paralysed or teleported.
You can dig through walls and to a lower floor.
You have a pair of large antennae on your head. (SInv)
Your four strong arms can wield two-handed weapons with a shield.


   Skills:
 + Level 2.7 Fighting
 + Level 3.3 Maces & Flails
 - Level 2.0 Throwing
 - Level 2.6 Dodging


You had one spell level left.
You didn't know any spells.
Your spell library was empty.

Inventory:

Hand Weapons
 a - a +0 flail (weapon)
Missiles
 c - 3 throwing nets (quivered)
 d - a javelin
Armour
 b - a +0 leather armour (worn)
Scrolls
 e - a scroll of enchant armour {unknown}
 g - a scroll of identify {unknown}
 i - a scroll of amnesia {unknown}
Potions
 f - a potion of brilliance {unknown}
 h - 3 potions of curing {unknown}
 j - 2 potions of degeneration {unknown}

Dungeon Overview and Level Annotations

Branches:
Dungeon (1/15) Zot: 5746

Altars:

#.....#... ...###
#.......##.....##
##.............>#
####................
.......[.....[......
....................
....................
......[.............
............@.$..S..
...
....#..............#
#..#.##
##...).##.....##
#....# ##..###
##.....
.....#####..# .....
♣.........♣.♣ ....
♣..###....#... ...
♣...##.###♣..... ...
♣................


You could see a ball python.


Message History

You see here a +0 hand axe.
Unknown command.
h - 2 murky red potions 😎 HP[+3]
Your hp is fully restored (17).
Key pressed, stopping explore.
Unknown command.
You see here a +0 hand axe.
i - a scroll labelled AFIUD CAAT Key pressed, stopping explore.
No target in view!
An endoplasm and a goblin come into view.
A goblin is nearby!
The goblin shouts!
A giant cockroach comes into view.
The endoplasm quivers.
You sock the goblin!
You kill the goblin!
The endoplasm barely misses you.
Things that are here:
a +0 club; a goblin corpse You sock the endoplasm!
You kill the endoplasm!
The giant cockroach closely misses you. x2
You have reached level 2! 😎 HP[+6] MP[+1]
You now have 23 max hp (+6).
Your hp is fully restored (23).
Your mp is fully restored (2).
You hit the giant cockroach. The giant cockroach bites you. 😕 HP[-2]
You take 2 damage, and now have 21/23 hp.
You closely miss the giant cockroach. The giant cockroach closely misses you.
The giant cockroach barely misses you.
You closely miss the giant cockroach. The giant cockroach barely misses you.
You sock the giant cockroach!
You kill the giant cockroach! 😕 HP[+1] Unknown command.
No target in view!
j - 2 fizzy amethyst potions Unknown command.
h - 3 murky red potions (gained 1)
A kobold comes into view. It is wielding a +0 whip. 😎 HP[+1]
Your hp is fully restored (23).
A kobold is nearby!
A kobold is nearby!
A kobold is nearby!
A bat comes into view.
The kobold hits you with a +0 whip. 😕 HP[-5]
You take 5 damage, and now have 18/23 hp.
MASSIVE DAMAGE!! (PAUSE)
You hit the kobold.
You kill the kobold! 😕 HP[+1]
A dart slug comes into view.
You see here a +0 whip.
The dart slug launches a dart at you. The slug dart hits you. 😮 HP[-2]
You take 2 damage, and now have 17/23 hp.
Unknown command.
Found a stone staircase leading down.
The bat completely misses you. The bat misses you.
You are too injured to fight recklessly!
You are too injured to fight recklessly!
Unknown command.
You are too injured to fight recklessly!
The bat closely misses you.
You see here 14 gold pieces. 😕 HP[+1]
You thump the bat!
You kill the bat!
Unknown command.
The dart slug launches a dart at you. The slug dart hits you. 😮 HP[-1]
You take 1 damage, and now have 17/23 hp.
You are too injured to fight recklessly!
The dart slug closely misses you. 😕 HP[+1] Unknown command.
You hit the dart slug. The dart slug bites you. 😮 HP[-1]
You take 1 damage, and now have 17/23 hp.
You sock the dart slug! The dart slug closely misses you.
You barely miss the dart slug.
Unknown command.
You sock the dart slug!
You kill the dart slug! 😕 HP[+1]
You now have 27 gold pieces (gained 14).
A ball python comes into view.
The ball python hisses angrily. 😎 HP[+5]
Your hp is fully restored (23).
A ball python is nearby!
A ball python is nearby!
Are you sure you want to abandon this character and quit the game? (Confirm with "yes".)

Action                   || total
-------------------------++-------
Melee: Flail             ||    24
Armor: Leather armour    ||     4
Dodge: Dodged            ||    17

Levels and vault maps discovered:
D:1:      dpeg_arrival_pits, layout_rooms, serial_forest,
          infiniplex_forest_end_2, infiniplex_forest_straight_2,
          infiniplex_forest_straight_2, infiniplex_forest_lined_ring,
          infiniplex_forest_lined_room_2, infiniplex_forest_3_way,
          infiniplex_forest_lined_room_2, chequers_ecumenical_altar_twisty,
          minmay_bisected

Notes
Turn   | Place    | Note
-------+----------+-------------------------------------------
     0 | D:1      | ytrimaz the Formicid Gladiator began the quest for the Orb.
     0 | D:1      | Reached XP level 1. HP: 16/16 MP: 1/1
     0 | D:1      | magus.rc [v1.9.6]
    43 | D:1      | Found a faded altar of an unknown god.
   173 | D:1      | Reached XP level 2. HP: 23/23 MP: 2/2
   247 | D:1      | Quit the game

Vanquished Creatures
  A dart slug (D:1)
  2 endoplasms (D:1)
  A giant cockroach (D:1)
  A goblin (D:1)
  2 bats (D:1)
  A frilled lizard (D:1)
  A kobold (D:1)
  A rat (D:1)
10 creatures vanquished.

Vanquished Creatures (others)
  A plant (D:1)
1 creature vanquished.

Grand Total: 11 creatures vanquished

Table legend:
 A = Non-vault XP
 B = Vault XP
 C = Vault XP percentage of total XP
 D = Non-vault monster count
 E = Vault monster count
 F = Vault count percentage of total count
                 A         B        C        D         E       F
            +---------+---------+-------+---------+---------+-------
      Total |      17 |       0 |   0.0 |      10 |       0 |   0.0
            +---------+---------+-------+---------+---------+-------
        D:1 |      17 |       0 |   0.0 |      10 |       0 |   0.0
            +---------+---------+-------+---------+---------+-------

Illustrated notes

Table legend:
 A = Kills in this place as a percentage of kills in entire the game.
 B = Kills by you in this place as a percentage of kills by you in the entire game.
 C = Kills by friends in this place as a percentage of kills by friends in the entire game.
 D = Other kills in this place as a percentage of other kills in the entire game.
 E = Experience gained in this place as a percentage of experience gained in the entire game.
 F = Experience gained in this place divided by the number of levels of this place that you have seen.
                   A       B       C       D       E      F
               +-------+-------+-------+-------+-------+----------------------
         Total | 100.0 | 100.0 |   N/A |   N/A | 100.0 |  17.0
       Dungeon | 100.0 | 100.0 |   N/A |   N/A | 100.0 |  17.0
               +-------+-------+-------+-------+-------+----------------------

Table legend: (Time is in decaauts)
 A = Elapsed time spent in this place.
 B = Non-inter-level travel time spent in this place.
 C = Inter-level travel time spent in this place.
 D = Time resting spent in this place.
 E = Time spent auto-exploring this place.
 F = Levels seen in this place.
 G = Mean time per level.
                   A        B        C        D        E       F      G
               +--------+--------+--------+--------+--------+-----+--------+
         Total |    253 |    253 |      0 |      0 |    177 |   1 |  253.0 |
       Dungeon |    253 |    253 |      0 |      0 |    177 |   1 |  253.0 |
               +--------+--------+--------+--------+--------+-----+--------+

Top non-repeatable levels by time:
     D:1: 253 daAuts
